 Dungeon Crawl Stone Soup version 0.30-a0-528-g8c47a4955b (webtiles) character file.

Game seed: 8877858940239078469

575 ryw the Ducker (level 7, -2/52 HPs)
             Began as a Merfolk Summoner on Dec 23, 2022.
             Killed from afar by an orc wizard (4 damage)
             ... with a puff of flame
             ... on level 4 of the Dungeon.
             The game lasted 00:13:17 (6098 turns).

ryw the Ducker (Merfolk Summoner)                   Turns: 6098, Time: 00:13:18

Health: -2/52      AC:  4    Str:  8    XL:     7   Next: 35%
Magic:  4/12       EV: 14    Int: 16    God:
Gold:   1531       SH:  0    Dex: 15    Spells: 0/13 levels left

rFire   + . .      SeeInvis .    o - +0 dagger (venom)
rCold   + . .      Faith    .    (no shield)
rNeg    . . .      Spirit   .    a - +0 robe
rPois   .          Reflect  .    i - +1 hat
rElec   .          Harm     .    m - +0 cloak
rCorr   .          Rampage  .    (no gloves)
Will    .....                    (no boots)
Stlth   ++                       (no amulet)
HPRegen 0.28/turn                n - ring of protection from cold
MPRegen 0.13/turn                t - ring of protection from fire

@: no status effects
A: (nimble swimmer 2), mertail
a: no special abilities


You were on level 4 of the Dungeon.
You visited 1 branch of the dungeon, and saw 5 of its levels.

You collected 1531 gold pieces.

Inventory:

Hand Weapons
 o - a +0 dagger of venom (weapon)
Armour
 a - a +0 robe (worn)
 i - a +1 hat (worn)
 m - a +0 cloak (worn)
Jewellery
 n - a ring of protection from cold (left hand)
 t - a ring of protection from fire (right hand)
Wands
 d - a wand of acid (9)
 h - a wand of mindburst (18)
Scrolls
 c - a scroll of fog
 e - 2 scrolls of teleportation
 f - a scroll of blinking
 g - a scroll of poison
 s - a scroll of enchant weapon
Potions
 b - 2 potions of magic
 j - 7 potions of curing
 k - a potion of ambrosia
 l - 2 potions of heal wounds
 p - a potion of haste {unknown}
 q - a potion of invisibility {unknown}
 r - a potion of lignification {unknown}


   Skills:
 + Level 3.4 Fighting
 + Level 5.4 Dodging
 - Level 2.3 Stealth
 + Level 3.7 Spellcasting
 + Level 2.3 Hexes
 + Level 5.3 Summonings
 + Level 0.0 Air Magic


You couldn't memorise any spells.
You knew the following spells:

 Your Spells              Type           Power      Damage    Failure   Level
a - Call Canine Familiar  Summ           20%        N/A       6%          3
b - Call Imp              Summ           20%        N/A       3%          2
c - Summon Small Mammal   Summ           80%        N/A       1%          1
d - Summon Guardian Gole  Hex/Summ       15%        N/A       11%         3
e - Summon Lightning Spi  Summ/Air       11%        N/A       50%         4

Your spell library contained the following spells:

 Spells                   Type           Power      Damage    Failure   Level
 Kiss of Death            Conj/Necr      12%        2d6       17%         1
 Confusing Touch          Hex            10%        N/A       21%         3
 Inner Flame              Hex/Fire       6%         N/A       32%         3
 Portal Projectile        Hex/Tloc       12%        N/A       32%         3
 Cause Fear               Hex            5%         N/A       54%         4
 Leda's Liquefaction      Hex/Erth       3%         N/A       71%         4
 Dispel Undead            Necr           3%         3d7       86%         4
 Discord                  Hex            5%         N/A       100%        8


Dungeon Overview and Level Annotations

Branches:
Dungeon (5/15)
 Temple: D:4-7

Altars:
Dithmenos

Annotations:
D:4 2 runed translucent doors, ojifijod's ghost, amateur OgGl


Innate Abilities, Weirdness & Mutations

((You are very nimble when in or above water. (Stealth+, EV+, Speed+++)))
Your lower body shifts to a powerful aquatic tail in water.


Message History

Your rat bites the black bear.
You hit the black bear but do no damage.
The black bear looks as sick as possible!
The black bear is almost dead.
The black bear closely misses you. x2; The black bear misses you.
The orc wizard barely misses you. The black bear bites you.
The black bear misses you. x2
Your rat bites the black bear but does no damage.
The orc hits your rat with a +0 whip.
Your rat dies!
Your rat's corpse disappears in a puff of smoke!
You hit the black bear but do no damage.
The black bear is almost dead.
The black bear barely misses you.
The black bear claws you but does no damage.
The black bear claws you. The orc wizard misses you. The black bear bites you.
The black bear closely misses you. x2
The black bear barely misses you. The black bear claws you.
The black bear barely misses you. The orc hits you with a +0 whip.
* * * LOW HITPOINT WARNING * * *
The orc wizard barely misses you.
You climb upwards.
Level annotation: 2 runed translucent doors, ojifijod's ghost, amateur OgGl
There is a stone staircase leading down here.
Casting: Summon Small Mammal (safe; 1% risk of failure)
Confirm with . or Enter, or press ? or * to list all spells.
The black bear barely misses you. The black bear closely misses you.
The black bear completely misses you. The orc closely misses you.
The orc wizard casts a spell at you. You resist with some effort.
The orc attacks as you move away! The orc hits you with a +0 whip.
* * * LOW HITPOINT WARNING * * *
The black bear attacks as you move away!
The black bear bites you.
* * * LOW HITPOINT WARNING * * *
The black bear closely misses you. The black bear claws you.
* * * LOW HITPOINT WARNING * * *
The orc wizard casts a spell at you. The puff of flame hits you. You resist.
You die...

...##...##...(.#...#######...#
....##...##....'........#....#
.....++.8.''...#........#....#
....##...##...##........'....#
#..##...##....##...##...##...#
..##...##.....#######...######
.##.8.##.........>..#....#
####+##.......oo....')...#
........##....hh@...#....#
..##....##....#######....#
.........+....##...##....#
........##....##...#....######
........##....##...#....##...#
...............#...'.........#
..##....##....##...##........#
..##....##....##...##........#
........#...........#........#


You could see a black bear (berserk, extremely poisoned, ally target), an orc
wizard, an orc and a friendly hound (summoned).

Vanquished Creatures
  A black bear (D:4)
  A gnoll (D:4)
  A bat (D:2)
  4 endoplasms
  A giant cockroach (D:1)
  9 hobgoblins
  A ball python (D:2)
  10 goblins
  6 kobolds
  5 rats (D:2)
39 creatures vanquished.

Vanquished Creatures (collateral kills)
  A scorpion (D:4)
  An orc priest (D:3)
  An iguana (D:4)
  5 gnolls (D:4)
  3 adders
  2 dart slugs
  7 orcs
  A bat (D:1)
  6 endoplasms
  3 giant cockroaches
  21 goblins
  16 hobgoblins
  6 jackals
  A quokka (D:1)
  2 ball pythons
  3 frilled lizards
  6 kobolds
  3 rats (D:1)
88 creatures vanquished.

Vanquished Creatures (others)
  Edmund (D:4)
  An orc wizard (D:4)
  A gnoll (D:4)
  An orc (D:4)
  A hobgoblin (D:4)
5 creatures vanquished.

Grand Total: 132 creatures vanquished

Notes
Turn   | Place    | Note
-------+----------+-------------------------------------------
     0 | D:1      | ryw the Merfolk Summoner began the quest for the Orb.
     0 | D:1      | Reached XP level 1. HP: 13/13 MP: 3/3
   129 | D:1      | Reached XP level 2. HP: 18/19 MP: 1/5
   652 | D:1      | Reached XP level 3. HP: 25/25 MP: 3/6
   727 | D:1      | Learned a level 2 spell: Call Imp
   731 | D:1      | Learned a level 3 spell: Call Canine Familiar
  1016 | D:1      | Reached skill level 1 in Fighting
  1291 | D:1      | Identified a scroll of acquirement
  1291 | D:1      | Acquired 1248 gold pieces
  1497 | D:2      | Found a shadowy altar of Dithmenos.
  1618 | D:2      | Found a faded altar of an unknown god.
  1802 | D:2      | Reached XP level 4. HP: 32/32 MP: 3/7
  3332 | D:3      | You fall into a shaft and drop 1 floor!
  3409 | D:4      | Noticed Edmund
  3447 | D:4      | Found a runed translucent door.
  3599 | D:3      | Reached XP level 5. HP: 22/38 MP: 1/9
  3886 | D:4      | Learned a level 3 spell: Summon Guardian Golem
  4193 | D:4      | Reached skill level 1 in Hexes
  4216 | D:4      | Reached XP level 6. HP: 34/46 MP: 1/10
  4443 | D:4      | Killed Edmund
  4444 | D:4      | Reached skill level 5 in Summonings
  4998 | D:4      | Reached skill level 5 in Dodging
  5230 | D:4      | Reached XP level 7. HP: 47/52 MP: 4/12
  5775 | D:4      | Found a runed translucent door.
  5830 | D:4      | Noticed ojifijod's ghost (amateur OgGl)
  6008 | D:4      | Learned a level 4 spell: Summon Lightning Spire
  6079 | D:5      | Entered Level 5 of the Dungeon
  6098 | D:4      | HP: 1/52 [black bear (5)]
  6098 | D:4      | Killed from afar by an orc wizard

Illustrated notes

Levels and vault maps discovered:
D:1:      saegor_arrival_simple_c, layout_basic, minmay_vboxes
D:2:      layout_basic, nicolae_ecumenical_lake_church, basic_altar
D:3:      layout_basic
D:4:      minmay_goblin_kobold_castle, layout_gridville, ebering_ghost_sewer_f,
          grunt_decor_arrowhead, uniq_edmund
D:5:      layout_cave_pools, mainiacjoe_overflow_alcove_2, portal_sewer_entry_b,
          uniq_blork_the_orc

Skill      XL: |  1  2  3  4  5  6 |
---------------+-------------------+-----
Dodging        | 3 4 5 |  5.4
Fighting       | 1 2 3 |  3.4
Spellcasting   | 3 |  3.7
Hexes          | 1 2 |  2.3
Summonings     | 5 |  5.3
Stealth        | |  2.3

Action                   |  1- 3 |  4- 6 |  7- 9 || total
-------------------------+-------+-------+-------++-------
Melee: Unarmed           |    28 |       |       ||    28
       Short sword       |    61 |    15 |       ||    76
       Tailslap          |     1 |       |       ||     1
       Dagger            |       |    28 |    44 ||    72
 Cast: Summon Small Mamm |    35 |    27 |     3 ||    65
       Call Imp          |     9 |    24 |     4 ||    37
       Call Canine Famil |     1 |    18 |     7 ||    26
       Summon Guardian G |       |     5 |     5 ||    10
  Use: Scroll            |     7 |     4 |       ||    11
 Stab: Sleeping          |     3 |     1 |       ||     4
       Distracted        |       |       |     1 ||     1
Armor: Robe              |    22 |    13 |    15 ||    50
Dodge: Dodged            |    84 |    69 |    62 ||   215

Table legend: (Time is in decaauts)
 A = Elapsed time spent in this place.
 B = Non-inter-level travel time spent in this place.
 C = Inter-level travel time spent in this place.
 D = Time resting spent in this place.
 E = Time spent auto-exploring this place.
 F = Levels seen in this place.
 G = Mean time per level.
                   A        B        C        D        E       F      G
               +--------+--------+--------+--------+--------+-----+--------+
         Total |   6042 |   5875 |    167 |    233 |   4438 |   5 | 1208.4 |
       Dungeon |   6042 |   5875 |    167 |    233 |   4438 |   5 | 1208.4 |
               +--------+--------+--------+--------+--------+-----+--------+

Top non-repeatable levels by time:
     D:4: 2270 daAuts
     D:3: 1389 daAuts
     D:1: 1330 daAuts
     D:2: 1035 daAuts
     D:5: 16 daAuts
